 Dungeon Crawl Stone Soup version 0.20.1-1-g8b1a95d (console) character file.

20 hilaritas the Caller (level 2, 0/15 HPs)
             Began as a Deep Elf Summoner on Sept 22, 2017.
             Killed by nerve-wracking pain
             ... invoked by Jessica
              (9 damage)
             ... on level 2 of the Dungeon.
             The game lasted 00:05:32 (1542 turns).

hilaritas the Caller (Deep Elf Summoner)            Turns: 1542, Time: 00:05:33

Health: 0/15       AC:  2    Str:  5    XL:     2   Next: 58%
Magic:  0/8        EV: 13    Int: 19    God:
Gold:   52         SH:  0    Dex: 15    Spells: 4/7 levels left

rFire    . . .     SeeInvis .   d - +0 short sword
rCold    . . .     Gourm    .   (no shield)
rNeg     . . .     Faith    .   a - +0 robe
rPois    .         Spirit   .   (no helmet)
rElec    .         Reflect  .   (no cloak)
rCorr    .         Harm     .   (no gloves)
MR       .....                  (no boots)
Stlth    ++........             (no amulet)
Regen    0.1/turn               (no ring)
MPRegen  0.2/turn               (no ring)

@: no status effects
A: no striking features
a: no special abilities


You were on level 2 of the Dungeon.
You were not hungry.

You visited 1 branch of the dungeon, and saw 2 of its levels.

You collected 52 gold pieces.

Inventory:

Hand Weapons
 d - a +0 short sword (weapon)
Missiles
 o - 21 arrows
Armour
 a - a +0 robe (worn)
Scrolls
 e - a scroll of random uselessness {unknown}
 f - a scroll of fog {unknown}
 g - a scroll of magic mapping {unknown}
 h - a scroll of noise {unknown}
 j - 2 scrolls of remove curse {unknown}
 k - a scroll of fear {unknown}
 n - a scroll of identify {unknown}
 p - a scroll of enchant armour {unknown}
Potions
 i - a potion of invisibility {unknown}
 m - a potion of heal wounds {unknown}
 q - a potion of curing {unknown}
Books
 b - a book of Callings

   Spells                             Type                      Level
   a - Summon Small Mammal            Summoning                    1
   b - Call Imp                       Summoning                    2
   c - Call Canine Familiar           Summoning                    3
   d - Summon Guardian Golem          Hexes/Summoning              3
   e - Summon Lightning Spire         Summoning/Air                4
   f - Summon Ice Beast               Ice/Summoning                4
Comestibles
 c - a bread ration
 l - 3 fruits


   Skills:
 - Level 2.4 Dodging
 - Level 2.4 Stealth
 * Level 3.2 Spellcasting
 - Level 5.1 Summonings


You had 4 spell levels left.
You knew the following spells:

 Your Spells              Type           Power        Failure   Level  Hunger
a - Summon Small Mammal   Summ           ###.         1%          1    None
b - Call Imp              Summ           ###.....     2%          2    ##.....


Dungeon Overview and Level Annotations

Branches:
Dungeon (2/15)

Altars:

Annotations:
D:2 Jessica


Message History

Your quokka bites Jessica.
Casting: Summon Small Mammal
Confirm with . or Enter, or press ? or * to list all spells.
Your bat disappears in a puff of smoke!
Jessica hits you but does no damage.
Your quokka completely misses Jessica.
Jessica casts a spell at you.
You barely resist.
Your crimson imp blinks!
Your rat bites Jessica but does no damage.
Casting: Summon Small Mammal
Confirm with . or Enter, or press ? or * to list all spells.
Your rat disappears in a puff of smoke!
Jessica gestures at you while chanting.
You barely resist.
Your crimson imp hits Jessica.
You hit Jessica.
Jessica is severely wounded.
Jessica casts a spell at you. Pain shoots through your body!
Ouch! That really hurt!
You die...

..# #.# #.# #.#
#.# ####.#
#....########
#<..ยง@r..###
####@r5.....
.......r.......
######..r......
#.........
#.........
#.####+### #.
#.


You could see Jessica, a friendly crimson imp, 2 friendly quokkas and 2 friendly
rats.

Vanquished Creatures
  2 bats (D:1)
  A jackal (D:1)
  A kobold (D:1)
4 creatures vanquished.

Vanquished Creatures (collateral kills)
  3 bats (D:1)
  A giant cockroach (D:1)
  4 goblins (D:1)
  2 hobgoblins (D:1)
  2 jackals (D:1)
  6 kobolds (D:1)
  2 frilled lizards (D:1)
  3 rats (D:1)
23 creatures vanquished.

Grand Total: 27 creatures vanquished

Notes
Turn   | Place    | Note
-------+----------+-------------------------------------------
     0 | D:1      | hilaritas the Deep Elf Summoner began the quest for the Orb.
     0 | D:1      | Reached XP level 1. HP: 10/10 MP: 6/6
   443 | D:1      | Reached XP level 2. HP: 5/15 MP: 0/8
   448 | D:1      | Reached skill level 5 in Summonings
   603 | D:1      | Learned a level 2 spell: Call Imp
  1530 | D:2      | Noticed Jessica
  1542 | D:2      | Killed from afar by Jessica

Skill      XL: |  1  2 |
---------------+-------+-----
Summonings     | 5 |  5.1
Dodging        | |  2.4
Stealth        | |  2.4
Spellcasting   | |  3.2

Action                   || total
-------------------------++-------
Melee: Short sword       ||    15
       Unarmed           ||     4
 Cast: Summon Small Mamm ||    56
       Call Imp          ||    10
 Stab: Sleeping          ||     1
  Eat: Chunk             ||     2
Armor: Robe              ||     8
Dodge: Dodged            ||    30
